 Dungeon Crawl Stone Soup version 0.26.0-10-g1f06aea511 (webtiles) character file.

Game seed: 15905259420519789658

243 woutersparre the Poker (level 5, -7/45 HPs)
             Began as a Draconian Gladiator on Jan 21, 2021.
             Was an Initiate of Okawaru.
             Blown up by Ijyb (28 damage)
             ... with a disintegration bolt
             ... on level 5 of the Dungeon.
             The game lasted 00:37:45 (3228 turns).

woutersparre the Poker (Draconian Gladiator)        Turns: 3228, Time: 00:37:50

Health: -7/45      AC: 12    Str: 23    XL:     5   Next: 82%
Magic:  5/5        EV: 13    Int:  8    God:    Okawaru [......]
Gold:   48         SH:  3    Dex: 13    Spells: 4/4 levels left

rFire    . . .     SeeInvis .   o - +0 long sword (protect)
rCold    . . .     Faith    .   u - +0 buckler
rNeg     . . .     Spirit   .   (armour unavailable)
rPois    .         Reflect  .   (helmet restricted)
rElec    .         Harm     .   (no cloak)
rCorr    .         Rampage  .   (no gloves)
Will     .....                  (no boots)
Stlth    ++........             k - amulet of the acrobat
HPRegen  0.15/turn              n - +6 ring of strength
MPRegen  0.09/turn              (no ring)

@: protection aura
A: unfitting armour, cold-blooded, AC +5
a: Renounce Religion


You were on level 5 of the Dungeon.
You worshipped Okawaru.
Okawaru was noncommittal.
You visited 2 branches of the dungeon, and saw 6 of its levels.

You collected 174 gold pieces.
You spent 126 gold pieces at shops.

Inventory:

Hand Weapons
 l - a +1 dagger of venom
 o - a +0 long sword of protection (weapon)
Missiles
 b - 4 javelins
 c - 4 throwing nets
 f - 18 poisoned darts (quivered)
Armour
 u - a +0 buckler (worn)
Jewellery
 j - an uncursed amulet of magic regeneration
 k - an amulet of the acrobat (around neck)
 n - a +6 ring of strength (left hand)
Scrolls
 g - a scroll of random uselessness {unknown}
 h - 2 scrolls of blinking
 m - 4 scrolls of remove curse
 p - 2 scrolls of teleportation
 q - a scroll of enchant weapon {unknown}
 r - a scroll of fog {unknown}
Potions
 a - a potion of attraction {unknown}
 d - 2 potions of degeneration {unknown}
 i - 3 potions of might
 s - a potion of lignification
 t - a potion of curing {unknown}


   Skills:
 + Level 3.0 Fighting
 + Level 0.3(1.3) Short Blades
 + Level 2.1(2.2) Long Blades
 + Level 4.5 Polearms
 + Level 2.0 Throwing
 + Level 3.8 Dodging
 + Level 1.0 Stealth


You had 4 spell levels left.
You didn't know any spells.
Your spell library contained the following spells:

 Spells                   Type           Power        Failure   Level
 Corona                   Hex            0%           58%         1
 Ensorcelled Hibernation  Hex/Ice        0%           73%         2
 Confusing Touch          Hex            0%           91%         3
 Dazzling Flash           Conj/Hex       0%           91%         3
 Tukima's Dance           Hex            0%           91%         3
 Summon Demon             Summ           0%           100%        5
 Summon Forest            Summ/Tloc      0%           100%        5
 Summon Mana Viper        Hex/Summ       0%           100%        5
 Shadow Creatures         Summ           N/A          100%        6
 Summon Hydra             Summ           0%           100%        7


Dungeon Overview and Level Annotations

Branches:
Dungeon (5/15)             Temple (1/1) D:4

Altars:
Ashenzari
Cheibriados
Dithmenos
Fedhas
Hepliaklqana
Nemelex Xobeh
Okawaru
Qazlal
Sif Muna
Trog
Vehumet
Wu Jian
Yredelemnul
Zin
Jiyva

Shops:
D:4 [

Annotations:
D:5 Ijyb


Innate Abilities, Weirdness & Mutations

Your plain brown scales are hard. (AC +5)
You cannot fit into any form of body armour.
You are cold-blooded and may be slowed by cold attacks.


Message History

Press: ? - help, Q - select action, (/) - cycle Shift-Dir - straight line, f - Ijyb
Aim: Ijyb, wielding a -2 club, wearing a +1 scale mail of cold resistance and carrying a wand of disintegration (11) (asleep)
You throw a poisoned dart. The poisoned dart hits Ijyb.
Ijyb is poisoned.
Ijyb shouts!
Ijyb zaps a wand.
You barely resist. Ijyb misses you.
You barely miss Ijyb. You tail-slap Ijyb, but do no damage.
Ijyb is moderately wounded.
Ijyb screams, "It's all mine!"
Ijyb barely misses you.
You riposte.
You hit Ijyb but do no damage.
Your weapon exudes an aura of protection.
Your tail-slap misses Ijyb.
Ijyb is moderately wounded.
You hit Ijyb but do no damage.
Your tail-slap misses Ijyb.
Ijyb is moderately wounded.
Ijyb zaps a wand.
You are blasted!
Ouch! That really hurt!
Ijyb zaps a wand.
You are blasted!
Ouch! That really hurt!
You die...

#. ##.
.##...
...#.
#..(####
......
#..####
#@g..####
####<...#
#......#
.........
!.........
#..........
#..$.......
#..........
#..........


You could see Ijyb.

Vanquished Creatures
  A scorpion (D:4)
  2 bullfrog skeletons (D:4)
  Robin (D:2)
  4 adders
  2 worms (D:2)
  A dart slug (D:1)
  A leopard gecko (D:2)
  4 giant cockroaches
  15 goblins
  14 hobgoblins
  4 jackals
  8 kobolds
  A quokka (D:2)
  2 ball pythons
  7 bats
  3 frilled lizards
  A quokka skeleton (D:4)
  6 rats
77 creatures vanquished.

Notes
Turn   | Place    | Note
-------+----------+-------------------------------------------
     0 | D:1      | woutersparre the Draconian Gladiator began the quest for
                  | the Orb.
     0 | D:1      | Reached XP level 1. HP: 17/17 MP: 1/1
   250 | D:1      | Reached XP level 2. HP: 9/24 MP: 2/2
   758 | D:2      | Reached XP level 3. HP: 29/30 MP: 3/3
  1114 | D:2      | Noticed Robin
  1139 | D:2      | Reached skill level 4 in Polearms
  1144 | D:2      | Killed Robin
  1282 | D:2      | Reached XP level 4. HP: 26/37 MP: 4/4
  1938 | D:3      | Found an iron altar of Okawaru.
  1938 | D:3      | Found a blossoming altar of Fedhas.
  1960 | D:3      | Became a worshipper of Warmaster Okawaru
  2348 | D:4      | Found a bloodstained altar of Trog.
  2373 | D:4      | Reached skill level 1 in Long Blades
  2373 | D:4      | Reached XP level 5. HP: 37/42 MP: 5/5
  2462 | D:4      | Found Apaimec's Antique Armour Shop.
  2473 | D:4      | Bought a buckler for 126 gold pieces
  2515 | D:4      | Reached skill level 1 in Stealth
  2517 | D:4      | Found a staircase to the Ecumenical Temple.
  2547 | Temple   | Entered the Ecumenical Temple
  2878 | Temple   | HP: 1/45 [acid (8)]
  3215 | D:5      | Entered Level 5 of the Dungeon
  3215 | D:5      | Noticed Ijyb
  3228 | D:5      | Blown up by Ijyb

Illustrated notes

Levels and vault maps discovered:
D:1:      tarquinn_simple_flora_water_e, layout_basic
D:2:      layout_loops_cross, uniq_robin
D:3:      layout_rooms, kennysheep_vampire_church,
          gammafunk_temple_overflow_statue
D:4:      layout_loops_ring, bloody_trog, minmay_temple_entry_sparse_star,
          serial_shops, shop
D:5:      layout_rooms, kennysheep_nub, okawaru_gym_becter, uniq_menkaure,
          uniq_pikel, uniq_ijyb
Temple:   pf_slimified_temple

Skill      XL: |  1  2  3  4  5 |
---------------+----------------+-----
Dodging        | 3 |  3.8
Polearms       | 4 |  4.5
Long Blades    | 1 2 |  2.1
Throwing       | 2 |  2.0
Fighting       | 3 |  3.0
Stealth        | 1 |  1.0
Short Blades   | |  0.3

Action                   |  1- 3 |  4- 6 || total
-------------------------+-------+-------++-------
Melee: Trident           |    96 |       ||    96
       Tailslap          |     8 |    14 ||    22
       Dagger            |    25 |    47 ||    72
       Long sword        |       |    66 ||    66
Throw: Throwing net      |     1 |       ||     1
       Dart              |       |     7 ||     7
  Use: Scroll            |     2 |     2 ||     4
       Potion            |     2 |       ||     2
 Stab: Sleeping          |     1 |       ||     1
Armor: Skin              |    23 |    33 ||    56
Dodge: Dodged            |    52 |    92 ||   144
Block: Buckler           |       |     1 ||     1
       Rpst.: Long sword |       |    15 ||    15
